 Dungeon Crawl Stone Soup version 0.30-a0-591-g3c58d2bc28 (webtiles) character file.

Game seed: 11055439849875637892

313 bande the Shield-Bearer (level 6, -2/38 HPs)
             Began as a Gargoyle Fighter on Jan 4, 2023.
             Slain by a gnoll
             ... wielding a +0 flail
              (4 damage)
             ... on level 4 of the Dungeon on Jan 5, 2023.
             The game lasted 00:06:50 (3621 turns).

bande the Shield-Bearer (Gargoyle Fighter)          Turns: 3621, Time: 00:06:51

Health: -2/38      AC: 14    Str: 19    XL:     6   Next: 43%
Magic:  6/6        EV:  7    Int:  9    God:
Gold:   100        SH: 10    Dex: 11    Spells: 5/5 levels left

rFire   . . .      SeeInvis .    a - +1 war axe
rCold   . . .      Faith    .    c - +0 buckler
rNeg    + . .      Spirit   .    m - +0 chain mail
rPois   ∞          Reflect  +    (no helmet)
rElec   +          Harm     .    (no cloak)
rCorr   .          Rampage  .    b - +2 pair of gloves
Will    .....                    r - +0 pair of boots Stlth
                                 l - amulet of reflection
HPRegen 0.26/turn                (no ring)
MPRegen 0.10/turn                (no ring)

@: about to teleport, corroded
A: sickness immunity, AC +4, negative energy resistance 1, electricity
resistance, torment resistance 1, petrification resistance
a: no special abilities


You were on level 4 of the Dungeon.
You visited 1 branch of the dungeon, and saw 4 of its levels.

You collected 100 gold pieces.

Inventory:

Hand Weapons
 a - a +1 war axe (weapon)
 n - a +0 flail
Armour
 b - a +2 pair of gloves (worn)
 c - a +0 buckler (worn)
 m - a +0 chain mail (worn)
 r - a +0 pair of boots (worn)
Jewellery
 l - an amulet of reflection (around neck)
Scrolls
 f - a scroll of poison
 g - a scroll of teleportation
 h - a scroll of fear
Potions
 d - 3 potions of might
 e - 5 potions of curing
 k - 2 potions of brilliance
 o - 2 potions of ambrosia
 p - 3 potions of invisibility


   Skills:
 + Level 4.2 Fighting
 + Level 4.3 Axes
 + Level 4.3 Armour
 + Level 4.4 Shields


You had 5 spell levels left.
You didn't know any spells.
Your spell library was empty.

Dungeon Overview and Level Annotations

Branches:
Dungeon (4/15)
 Temple: D:4-7

Altars:
Ashenzari
Qazlal

Shops:
D:1 !

Annotations:
D:4 Pikel


Innate Abilities, Weirdness & Mutations

You are immune to sickness and miasma.
Your stone body is resilient. (AC +4)
You are immune to poison.
You resist negative energy. (rN+)
You are resistant to electric shocks. (rElec)
You are resistant to unholy torment.
You are immune to petrification.


Message History

Pikel hits you with a +1 whip of flaming.
Pikel burns you. You block the lemure's attack. The jelly barely misses you.
You are too injured to fight recklessly!
You are too injured to fight recklessly!
You are too injured to fight recklessly!
You are too injured to fight recklessly!
You are too injured to fight recklessly!
You are too injured to fight recklessly!
You are too injured to fight recklessly!
Unknown command.
As you read the scroll of teleportation, it crumbles to dust.
You feel strangely unstable. You block the gnoll's attack.
The lemure hits you but does no damage. You block Pikel's attack.
The jelly hits you but does no damage. You block the gnoll's attack.
The gnoll hits you with a +0 club.
You feel better. The gnoll hits you but does no damage.
Pikel hits you with a +1 whip of flaming.
Pikel burns you. The jelly hits you but does no damage. The lemure hits you.
You block the gnoll's attack. The gnoll hits you but does no damage.
You hit Pikel.
Pikel is moderately wounded.
You barely miss the lemure. You hit the gnoll but do no damage.
You hit the jelly. The acid corrodes you!
Your hands burn!
* * * LOW HITPOINT WARNING * * *
You closely miss the gnoll. x2; The gnoll hits you with a +0 flail.
* * * LOW HITPOINT WARNING * * *
You block the gnoll's attack. Pikel hits you but does no damage.
The lemure hits you but does no damage. The gnoll barely misses you.
You block the jelly's attack.
Unknown command.
You barely miss the gnoll. x2; You hit the lemure but do no damage.
You hit Pikel. You closely miss the gnoll. You barely miss the jelly.
You block the gnoll's attack. The jelly completely misses you.
Pikel hits you with a +1 whip of flaming.
* * * LOW HITPOINT WARNING * * *
Pikel burns you.
* * * LOW HITPOINT WARNING * * *
The lemure barely misses you. The gnoll hits you but does no damage.
The gnoll hits you with a +0 flail.
You die...

..### .....#
...... .....#
#....### #.....#
##.5J.# ..#.5K@###
......ggg.###
#.###.55..#.###
.............##
.PP...........#
PP............##
.............##
....P.........###
P..P...........###


You could see Pikel, 4 lemures, a jelly and 3 gnolls.

Vanquished Creatures
  An orc priest (D:3)
  A jelly (D:3)
  Natasha (twice) (D:3)
  9 adders
  3 worms
  3 dart slugs
  3 orcs (D:3)
  10 endoplasms
  5 giant cockroaches
  5 goblins
  6 hobgoblins
  7 jackals
  2 kobolds
  4 quokkas
  6 ball pythons
  7 bats
  3 frilled lizards
  12 rats
89 creatures vanquished.

Vanquished Creatures (others)
  Natasha (D:3)
  A plant (D:4)
2 creatures vanquished.

Grand Total: 91 creatures vanquished

Notes
Turn   | Place    | Note
-------+----------+-------------------------------------------
     0 | D:1      | bande the Gargoyle Fighter began the quest for the Orb.
     0 | D:1      | Reached XP level 1. HP: 14/14 MP: 1/1
   113 | D:1      | Reached XP level 2. HP: 19/19 MP: 2/2
   156 | D:1      | Found Narphiwick's Distillery.
   455 | D:1      | Reached XP level 3. HP: 17/23 MP: 3/3
   887 | D:2      | Found a stormy altar of Qazlal.
  1005 | D:2      | Reached XP level 4. HP: 23/29 MP: 4/4
  1586 | D:3      | Found a faded altar of an unknown god.
  1712 | D:3      | Found a broken altar of Ashenzari.
  1716 | D:3      | Saw a vision of the Shoals and the Spider Nest.
  1716 | D:3      | Noticed a demonic crawler
  1716 | D:3      | Noticed a redback
  1716 | D:3      | Noticed a culicivora
  1716 | D:3      | Noticed a radroach
  1716 | D:3      | Noticed a demonic crawler
  1716 | D:3      | Noticed a jumping spider
  1716 | D:3      | Noticed a tarantella
  1716 | D:3      | Noticed a manticore
  1716 | D:3      | Noticed a merfolk
  1716 | D:3      | Noticed a manticore
  1716 | D:3      | Noticed a manticore
  1716 | D:3      | Noticed a water nymph
  1716 | D:3      | Noticed a merfolk avatar
  1717 | D:3      | Noticed a boulder beetle
  1717 | D:3      | Noticed a snapping turtle
  1717 | D:3      | Noticed a snapping turtle
  1718 | D:3      | Noticed a demonic crawler
  1718 | D:3      | Noticed a moth of wrath
  1718 | D:3      | Noticed a culicivora
  1719 | D:3      | Noticed a torpor snail
  1723 | D:3      | Noticed a demonic crawler
  1747 | D:3      | Reached XP level 5. HP: 11/33 MP: 5/5
  2234 | D:3      | Noticed Natasha
  2248 | D:3      | Killed Natasha
  2249 | D:3      | Reached XP level 6. HP: 15/38 MP: 6/6
  2416 | D:3      | Upgraded the game from 0.30-a0-586-g23e55c9e0a to
                  | 0.30-a0-591-g3c58d2bc28
  2839 | D:3      | Noticed Natasha
  2845 | D:3      | Killed Natasha
  2909 | D:3      | Noticed Natasha
  2916 | D:3      | Killed Natasha
  3612 | D:4      | Noticed Pikel
  3621 | D:4      | Slain by a gnoll

Illustrated notes

Levels and vault maps discovered:
D:1:      amcnicky_arrival_feature_with_door, layout_loops_ring, serial_shops,
          shop_statue
D:2:      layout_basic, serial_curves, eino_curves_03, eino_curves_03,
          basic_altar, minmay_misc_feat_tiny, kennysheep_generic_room_2
D:3:      minmay_bubble_buster, layout_loops_corners, grunt_ashenzari_visionary
          [grunt_ashenzari_visionary_shoals, grunt_ashenzari_visionary_spider],
          chequers_ecumenical_altar_simple, minmay_increasing_density,
          uniq_natasha
D:4:      layout_cave_pools, serial_column_ruins, column_ruins_hut_water,
          column_ruins_open_small, column_ruins_columns_straight,
          column_ruins_open_large, column_ruins_grid_1,
          column_ruins_open_medium, chequers_serial_rivers_micro_b,
          nicolae_grassy_gnolls, uniq_pikel

Skill      XL: |  1  2  3  4  5  6 |
---------------+-------------------+-----
Axes           | 2 3 4 |  4.3
Armour         | 4 |  4.3
Shields        | 4 |  4.4
Fighting       | 4 |  4.2

Action                   |  1- 3 |  4- 6 || total
-------------------------+-------+-------++-------
Melee: War axe           |    80 |   174 ||   254
  Use: Scroll            |       |    10 ||    10
       Potion            |       |     1 ||     1
Armor: Scale mail        |    43 |       ||    43
       Chain mail        |    18 |    94 ||   112
Dodge: Dodged            |    36 |    60 ||    96
Block: Buckler           |    37 |    86 ||   123

Table legend: (Time is in decaauts)
 A = Elapsed time spent in this place.
 B = Non-inter-level travel time spent in this place.
 C = Inter-level travel time spent in this place.
 D = Time resting spent in this place.
 E = Time spent auto-exploring this place.
 F = Levels seen in this place.
 G = Mean time per level.
                   A        B        C        D        E       F      G
               +--------+--------+--------+--------+--------+-----+--------+
         Total |   3724 |   3352 |    372 |    282 |   2251 |   4 |  931.0 |
       Dungeon |   3724 |   3352 |    372 |    282 |   2251 |   4 |  931.0 |
               +--------+--------+--------+--------+--------+-----+--------+

Top non-repeatable levels by time:
     D:3: 2023 daAuts
     D:2: 841 daAuts
     D:1: 788 daAuts
     D:4: 71 daAuts
